 Dungeon Crawl Stone Soup version 0.31-a0-574-g69dc8cc98e (webtiles) character file.

Game seed: 17304306495456083460

2 thirtiethelement the Grave Robber (level 1, 0/13 HPs)
             Began as a Demonspawn Necromancer on Aug 19, 2023.
             Slain by a ball python (2 damage)
             ... on level 1 of the Dungeon.
             The game lasted 00:00:16 (34 turns).

thirtiethelement the Grave Robber (DsNe)              Turns: 34, Time: 00:00:16

Health: 0/13       AC:  2    Str:  8    XL:     1   Next: 25%
Magic:  0/3        EV:  9    Int: 16    God:
Gold:   0          SH:  0    Dex: 13    Spells: 3/4 levels left

rFire   . . .        (no weapon)
rCold   . . .        (no shield)
rNeg    . . .        a - +0 robe
rPois   .            (no helmet)
rElec   .            (no cloak)
rCorr   .            (no gloves)
SInv    .            (no boots)
Will    .....        (no amulet)
Stlth   ++           (no ring)
HPRegen 0.22/turn    (no ring)
MPRegen 0.08/turn

%: no passive effects
@: constricted
A: no striking features
a: no special abilities


You were on level 1 of the Dungeon.
You visited 1 branch of the dungeon, and saw 1 of its levels.

Inventory:

Armour
 a - a +0 robe (worn)
Scrolls
 c - a scroll of fog {unknown}
Potions
 b - a potion of magic


   Skills:
 + Level 1.7 Dodging
 + Level 1.7 Stealth
 + Level 2.0 Spellcasting
 + Level 4.5 Necromancy


You had 3 spell levels left.
You knew the following spells:

 Your Spells              Type           Power      Damage    Failure   Level
a - Necrotise             Necr           64%        1d7       3%          1

Your spell library contained the following spells:

 Spells                   Type           Power      Damage    Failure   Level
 Vampiric Draining        Necr           16%        2d7       10%         3
 Animate Dead             Necr           16%        N/A       32%         4
 Agony                    Necr           16%        N/A       65%         5


Dungeon Overview and Level Annotations

Branches:
Dungeon (1/15)

Altars:


Message History

Aim: a ball python (moderately wounded, constricting you, ally target, chance to affect: 86%)
The ball python barely resists.
The ball python bites you. The ball python constricts you.
You completely miss the ball python.
The ball python is moderately wounded.
The ball python barely misses you. The ball python constricts you.
Your kobold skeleton barely misses the ball python.
You hit the ball python but do no damage.
The ball python is moderately wounded.
The ball python bites you. The ball python constricts you.
Your kobold skeleton closely misses the ball python.
The frilled lizard bites your kobold skeleton.
You hit the ball python but do no damage.
The ball python closely misses you. The ball python constricts you.
The frilled lizard barely misses your kobold skeleton.
Your kobold skeleton misses the frilled lizard.
You hit the ball python but do no damage.
The ball python barely misses you. The ball python constricts you.
The frilled lizard bites your kobold skeleton.
The ball python barely misses you. The ball python constricts you.
You completely miss the ball python.
Your kobold skeleton misses the frilled lizard.
The ball python closely misses you. The ball python constricts you.
The frilled lizard bites your kobold skeleton.
Your kobold skeleton is destroyed!
An endoplasm comes into view.
You barely miss the ball python. The ball python bites you.
The ball python constricts you.
You barely miss the ball python.
A jackal comes into view.
The ball python barely misses you. The ball python constricts you.
The frilled lizard bites you.
The jackal barks!
You hit the ball python but do no damage.
The ball python closely misses you. The ball python constricts you.
The frilled lizard bites you.
* * * LOW HITPOINT WARNING * * *
You hit the ball python but do no damage.
The ball python bites you.
You die...

#.......#
#.!.....#
#.......#
#.......#
##########.......#
............h....#
..........lJ......
.........S@#
...>.......#
...........#
...........#
..###.....#
###.....#
#......## #.######
##########.#


You could see an endoplasm, a jackal, a ball python and a frilled lizard.

Vanquished Creatures
  A kobold (D:1)
  A frilled lizard (D:1)
2 creatures vanquished.

Notes
Turn   | Place    | Note
-------+----------+-------------------------------------------
     0 | D:1      | thirtiethelement the Demonspawn Necromancer began the quest
                  | for the Orb.
     0 | D:1      | Reached XP level 1. HP: 13/13 MP: 3/3
    34 | D:1      | Slain by a ball python

Illustrated notes

Levels and vault maps discovered:
D:1:      dpeg_arrival_line_fractal, layout_basic

Action                     || total
---------------------------++-------
  Melee: Unarmed           ||    10
   Cast: Necrotise         ||     3
   Stab: Sleeping          ||     1
  Dodge: Dodged            ||     7

Table legend: (Time is in decaauts)
 A = Elapsed time spent in this place.
 B = Non-inter-level travel time spent in this place.
 C = Inter-level travel time spent in this place.
 D = Time resting spent in this place.
 E = Time spent auto-exploring this place.
 F = Levels seen in this place.
 G = Mean time per level.
                   A        B        C        D        E       F      G
               +--------+--------+--------+--------+--------+-----+--------+
         Total |     34 |     34 |      0 |      0 |     10 |   1 |   34.0 |
       Dungeon |     34 |     34 |      0 |      0 |     10 |   1 |   34.0 |
               +--------+--------+--------+--------+--------+-----+--------+

Top non-repeatable levels by time:
     D:1: 34 daAuts
